 Dungeon Crawl Stone Soup version 0.29-a0-474-gdfe5cd140f (webtiles) character file.

Game seed: 6103483258372424882

19860 frimble the Thaumaturge (level 12, -2/94 HPs)
             Began as a Gnoll Warper on May 24, 2022.
             Was a Priest of Cheibriados.
             Incinerated by a deep elf pyromancer (5 damage)
             ... with a sticky flame
             ... on level 12 of the Dungeon.
             The game lasted 00:17:48 (10517 turns).

frimble the Thaumaturge (Gnoll Warper)             Turns: 10517, Time: 00:17:48

Health: -2/94      AC: 17    Str: 21    XL:     12   Next: 73%
Magic:  17/25      EV: 17    Int: 25    God:    Cheibriados [***...]
Gold:   1986       SH:  8    Dex: 18    Spells: 20/29 levels left

rFire   . . .      SeeInvis .   a - +11 demon blade "Hoilacs" {venom, Str+3}
rCold   . . .      Faith    .   l - +2 buckler
rNeg    . . .      Spirit   .   F - +1 troll leather armour
rPois   +          Reflect  .   s - +1 helmet
rElec   .          Harm     .   (no cloak)
rCorr   .          Rampage  .   K - +0 pair of gloves
Will    .....                   G - +2 pair of boots
Stlth   ++........              e - amulet of regeneration
HPRegen 1.85/turn               y - +4 ring of protection
MPRegen 0.19/turn               J - ring of poison resistance

@: on fire, glowing, very slow
A: fangs 1, strong nose, distributed training
a: Renounce Religion, Bend Time, Temporal Distortion


You were on level 12 of the Dungeon.
You worshipped Cheibriados.
Cheibriados was most pleased with you.
You visited 2 branches of the dungeon, and saw 13 of its levels.
You also visited: Sewer and Bailey.

You collected 1986 gold pieces.

Inventory:

Hand Weapons
 a - the +11 demon blade "Hoilacs" (weapon) {venom, Str+3}
   (You found it on level 6 of the Dungeon)

   It poisons the flesh of those it strikes.
   Str:       It affects your strength (+3).
 b - a +1 hunting sling of flaming
 h - the +5 dagger "Ziysyit" {freeze, Dex+4}
   (You found it on level 6 of the Dungeon)

   It freezes those it strikes, dealing additional cold damage.
   It can also slow down cold-blooded creatures.
   Dex:       It affects your dexterity (+4).
Missiles
 c - 7 boomerangs of dispersal
 f - 10 poisoned darts (quivered)
 w - 10 boomerangs
Armour
 l - a +2 buckler (worn)
 s - a +1 helmet (worn)
 v - the +0 leather armour "Xoreitit" {Fly rN+}
   (You found it on level 3 of the Dungeon)

   rN:        It protects you from negative energy.
   Fly:       It grants you flight.
 F - a +1 troll leather armour (worn)
 G - a +2 pair of boots (worn)
 K - a +0 pair of gloves (worn)
Jewellery
 e - an amulet of regeneration (around neck)
 q - a ring of resist corrosion
 y - a +4 ring of protection (left hand)
 J - a ring of poison resistance (right hand)
 L - a ring of magical power
 O - a ring of flight
 Q - an amulet of the acrobat
 S - a ring of magical power
Wands
 d - a wand of iceblast (1)
 p - a wand of digging (2)
 t - a wand of charming (1)
 E - a wand of paralysis (3)
 N - a wand of flame (7)
Scrolls
 g - 2 scrolls of enchant weapon
 m - a scroll of magic mapping
 H - a scroll of blinking
 I - a scroll of identify
 R - 2 scrolls of teleportation
Potions
 i - 4 potions of haste
 j - 4 potions of might
 k - 2 potions of flight
 n - 2 potions of degeneration
 o - 7 potions of curing
 r - 4 potions of resistance {unknown}
 u - 3 potions of brilliance
 x - 8 potions of attraction
 z - 5 potions of heal wounds {unknown}
 A - a potion of magic
 B - 4 potions of invisibility
 C - 2 potions of cancellation {unknown}
 D - 2 potions of lignification
 M - a potion of mutation
 P - a potion of berserk rage


   Skills:
 + Level 8.9 Fighting
 + Level 7.5 Short Blades
 + Level 7.5 Long Blades
 + Level 7.5 Axes
 + Level 7.5 Maces & Flails
 + Level 7.5 Polearms
 + Level 7.5 Staves
 + Level 7.5 Slings
 + Level 7.5 Bows
 + Level 7.5 Crossbows
 + Level 8.0 Throwing
 + Level 8.0 Armour
 + Level 8.9 Dodging
 + Level 7.5 Stealth
 + Level 7.5 Shields
 + Level 8.9 Unarmed Combat
 + Level 9.1 Spellcasting
 + Level 6.3 Conjurations
 + Level 6.3 Hexes
 + Level 6.3 Summonings
 + Level 6.3 Necromancy
 + Level 8.4 Translocations
 + Level 6.3 Transmutations
 + Level 6.3 Fire Magic
 + Level 6.3 Ice Magic
 + Level 6.3 Air Magic
 + Level 6.3 Earth Magic
 + Level 6.3 Poison Magic
 + Level 8.3 Invocations
 + Level 7.5 Evocations


You had 20 spell levels left.
You knew the following spells:

 Your Spells              Type           Power      Damage    Failure   Level
a - Blink                 Tloc           100%       N/A       1%          2
b - Ozocubu's Armour      Ice            43%        N/A       1%          3
c - Sticky Flame          Conj/Fire      43%        2d6       5%          4

Your spell library contained the following spells:

 Spells                   Type           Power      Damage    Failure   Level
 Freeze                   Ice            100%       1d11      1%          1
 Scorch                   Fire           86%        2d9       1%          2
 Static Discharge         Conj/Air       43%        N/A       1%          2
 Frozen Ramparts          Ice            86%        1d10      1%          3
 Gell's Gravitas          Tloc           52%        N/A       1%          3
 Lesser Beckoning         Tloc           52%        N/A       1%          3
 Teleport Other           Tloc           52%        N/A       1%          3
 Dispel Undead            Necr           43%        3d17      5%          4
 Flame Wave               Conj/Fire      43%        2d9       5%          4
 Hailstorm                Conj/Ice       43%        3d10      5%          4
 Manifold Assault         Tloc           52%        N/A       6%          5
 Metabolic Englaciation   Hex/Ice        21%        N/A       16%         5
 Simulacrum               Ice/Necr       21%        N/A       65%         6
 Summon Cactus Giant      Summ           21%        N/A       65%         6
 Ozocubu's Refrigeration  Ice            21%        4d9       99%         7


Dungeon Overview and Level Annotations

Branches:
Dungeon (12/15)            Temple (1/1) D:6            Lair (0/6) D:8
    Orc (0/2) D:12          Sewer (visited)          Bailey (visited)

Altars:
Ashenzari
Cheibriados
Dithmenos
Elyvilon
Fedhas
Gozag
Hepliaklqana
Makhleb
Nemelex Xobeh
Okawaru
Qazlal
Ru
Sif Muna
Trog
Uskayaw
Vehumet
Wu Jian
Xom
Yredelemnul
Zin
The Shining One

Annotations:
D:7 exclusion: statue
D:10 2 transporters, exclusions: obsidian statue and orange crystal statue, zazu2006's ghost, journeyman GnDe


Innate Abilities, Weirdness & Mutations

You have very sharp teeth.
Your uncanny sense of smell can sniff out nearby items.
Your experience applies equally to all skills.


Message History

You are covered in liquid flames!
You block the fire elemental's attack.
The deep elf pyromancer casts a spell at you.
The sticky flame hits you but does no damage.
You are covered in liquid flames!
You are covered in liquid flames!
The fire elemental hits you. The fire elemental burns you!
The deep elf pyromancer gestures wildly while chanting.
You block the fire elemental's attack.
Things that are here:
a +0 giant club; a +0 giant club
Casting: Blink (safe; 1% risk of failure)
Confirm with . or Enter, or press ? or * to list all spells.
A film of ice covers your body!
You are covered in liquid flames!
* * * LOW HITPOINT WARNING * * *
You block the deep elf pyromancer's attack.
The cyclops throws a large rock.
You block the large rock. The fire elemental barely misses you.
The heat melts your icy armour.
You slash the deep elf pyromancer!
Your bite misses the deep elf pyromancer.
The deep elf pyromancer is lightly wounded.
You are covered in liquid flames!
* * * LOW HITPOINT WARNING * * *
The fire elemental hits you. The fire elemental burns you!
* * * LOW HITPOINT WARNING * * *
You block the fire elemental's attack.
The deep elf pyromancer barely misses you.
The cyclops throws a large rock.
The large rock hits you!
* * * LOW HITPOINT WARNING * * *
The heat melts your icy armour.
Blink to where?
Press: ? - help, Dir - move target Your icy armour will break if you move.
Continue?
Your icy armour cracks and falls away as you move.
Found a potion of curing, a scimitar and a scroll of teleportation.
As you read the scroll of blinking, it crumbles to dust.
You are covered in liquid flames!
You die...

.#.# #...........# # ##.#
#.......#...# # ##.#
#.......#...# #
##.################.....>.#...###
...................[............>
#######################.###...###
# #:......... # #########
########### # ∆###?..@...# ∆ #
##...........# # ##.............#
# #..○.((....!.... #
##..°............ #
###..Ee..(###....)? # ..
#..)§E.## #..... # #. ##.C.E.##
#.... ###. #.....##


You could see a cyclops, a deep elf pyromancer and 3 fire elementals.

Vanquished Creatures
  Nessos (D:12)
  4 two-headed ogres
  2 boulder beetles (D:12)
  An orc knight (Bailey)
  2 deep elf pyromancers
  A manticore (D:12)
  2 cyclopes
  2 gargoyles
  An unseen horror (D:10)
  A kobold demonologist (D:12)
  A komodo dragon (D:11)
  A troll (D:9)
  A hornet (D:10)
  2 slime creatures (D:12)
  A shadow (D:10)
  3 wyverns
  2 wraiths
  A vampire (D:8)
  9 vampire mosquitoes
  10 yaks
  3 steam dragons
  Menkaure (D:7)
  A warg (D:8)
  An acid dragon (D:11)
  A water moccasin (D:9)
  An ice beast (D:5)
  6 orc warriors
  2 sky beasts (D:7)
  A boggart (D:8)
  2 black bears
  10 ogres (D:8)
  A phantom (D:5)
  7 centaurs
  A kobold brigand (D:7)
  A necrophage (D:7)
  2 gnoll sergeants (D:8)
  6 bullfrogs
  3 scorpions
  2 wights (D:8)
  7 killer bees
  13 howler monkeys
  6 jellies
  4 lava snakes (D:11)
  14 hounds
  10 orc priests
  6 gnoll shamans
  Terence (D:2)
  6 iguanas
  9 orc wizards
  22 gnolls
  4 river rats
  9 adders
  2 shadow imps
  A white imp (D:6)
  2 ufetubi (D:5)
  4 worms
  A dart slug (D:5)
  24 orcs
  7 ball pythons
  4 bats
  11 endoplasms
  8 giant cockroaches
  11 goblins
  6 hobgoblins
  5 jackals
  12 kobolds
  4 quokkas
  7 frilled lizards
  13 rats
333 creatures vanquished.

Vanquished Creatures (collateral kills)
  2 orc warriors (Bailey)
  A black bear (D:8)
  2 wights (D:8)
  A killer bee (D:8)
  An orc wizard (D:8)
  5 orcs
12 creatures vanquished.

Vanquished Creatures (others)
  A cyclops (D:11)
  A komodo dragon (D:12)
  A shadow (D:12)
  A wyvern (D:8)
  An orc warrior (Bailey)
  A black bear (D:8)
  A killer bee (D:8)
  A fungus (D:8)
  3 plants (D:8)
11 creatures vanquished.

Grand Total: 356 creatures vanquished

Notes
Turn   | Place    | Note
-------+----------+-------------------------------------------
     0 | D:1      | frimble the Gnoll Warper began the quest for the Orb.
     0 | D:1      | Reached XP level 1. HP: 20/20 MP: 6/6
   253 | D:1      | Reached XP level 2. HP: 23/26 MP: 7/7
   583 | D:1      | Reached XP level 3. HP: 31/31 MP: 9/9
   588 | D:1      | Reached skill level 5 in Spellcasting
   653 | D:1      | Learned a level 2 spell: Blink
  1078 | D:2      | You fall into a shaft and drop 1 floor!
  1103 | D:2      | Reached skill level 1 in Invocations
  1200 | D:2      | Noticed Terence
  1215 | D:2      | Killed Terence
  1216 | D:2      | Reached skill level 1 in Short Blades
  1216 | D:2      | Reached skill level 1 in Long Blades
  1216 | D:2      | Reached skill level 1 in Axes
  1216 | D:2      | Reached skill level 1 in Maces & Flails
  1216 | D:2      | Reached skill level 1 in Polearms
  1216 | D:2      | Reached skill level 1 in Staves
  1216 | D:2      | Reached skill level 1 in Slings
  1216 | D:2      | Reached skill level 1 in Bows
  1216 | D:2      | Reached skill level 1 in Crossbows
  1216 | D:2      | Reached skill level 1 in Stealth
  1216 | D:2      | Reached skill level 1 in Shields
  1216 | D:2      | Reached skill level 1 in Evocations
  1216 | D:2      | Reached XP level 4. HP: 37/38 MP: 9/11
  1792 | D:3      | Reached skill level 1 in Conjurations
  1792 | D:3      | Reached skill level 1 in Hexes
  1792 | D:3      | Reached skill level 1 in Summonings
  1792 | D:3      | Reached skill level 1 in Necromancy
  1792 | D:3      | Reached skill level 1 in Transmutations
  1792 | D:3      | Reached skill level 1 in Fire Magic
  1792 | D:3      | Reached skill level 1 in Ice Magic
  1792 | D:3      | Reached skill level 1 in Air Magic
  1792 | D:3      | Reached skill level 1 in Earth Magic
  1792 | D:3      | Reached skill level 1 in Poison Magic
  2014 | D:3      | Found a glowing golden altar of the Shining One.
  2102 | D:3      | Reached XP level 5. HP: 42/43 MP: 12/12
  2495 | D:3      | Identified the +0 leather armour "Xoreitit" {Fly rN+}
  2580 | D:4      | Learned a level 3 spell: Ozocubu's Armour
  2814 | D:4      | Found a burning altar of Makhleb.
  2814 | D:4      | Noticed an Executioner
  2817 | D:4      | Noticed a ynoxinul
  2817 | D:4      | Noticed a ynoxinul
  2845 | D:4      | Found an ornate altar of the Wu Jian Council.
  2859 | D:4      | Found a shimmering altar of Xom.
  2862 | D:4      | Found a stormy altar of Qazlal.
  2879 | D:4      | Found a hazy altar of Hepliaklqana.
  2893 | D:4      | Reached XP level 6. HP: 50/50 MP: 13/13
  2987 | D:4      | Found a shadowy altar of Dithmenos.
  3062 | D:4      | Reached skill level 5 in Fighting
  3062 | D:4      | Reached skill level 5 in Dodging
  3062 | D:4      | Reached skill level 5 in Unarmed Combat
  3107 | D:4      | Found a sparkling altar of Nemelex Xobeh.
  3302 | D:5      | Entered Level 5 of the Dungeon
  3373 | D:5      | Reached XP level 7. HP: 50/56 MP: 15/15
  3752 | D:5      | Found a glowing drain.
  3765 | Sewer    | Entered a sewer
  4000 | Sewer    | Found a viscous altar of Jiyva.
  4272 | D:5      | Reached XP level 8. HP: 63/63 MP: 16/16
  4416 | D:5      | Found a shimmering blue altar of Sif Muna.
  4524 | D:5      | Reached skill level 6 in Spellcasting
  4898 | D:6      | Found a white marble altar of Elyvilon.
  4922 | D:6      | Found a staircase to the Ecumenical Temple.
  5165 | D:6      | Identified the +11 demon blade "Hoilacs" {venom, Str+3}
  5450 | D:6      | Identified the +5 dagger "Ziysyit" {freeze, Dex+4}
  5516 | D:7      | Noticed Menkaure
  5549 | D:7      | Killed Menkaure
  5550 | D:7      | Reached XP level 9. HP: 35/69 MP: 18/18
  5749 | D:7      | Found a blossoming altar of Fedhas.
  5798 | D:7      | Reached skill level 5 in Throwing
  5798 | D:7      | Reached skill level 5 in Armour
  6041 | D:7      | Found a radiant altar of Vehumet.
  6411 | D:8      | Identified a scroll of acquirement
  6411 | D:8      | Acquired 1142 gold pieces
  6413 | D:8      | Found a staircase to the Lair.
  6438 | D:8      | Reached skill level 5 in Invocations
  6484 | D:8      | Reached skill level 7 in Spellcasting
  6484 | D:8      | Reached XP level 10. HP: 72/77 MP: 20/20
  6506 | D:8      | Found a flagged portal.
  6516 | Bailey   | Entered a bailey
  6573 | Bailey   | Found a large runed translucent door.
  6573 | Bailey   | Found a large runed translucent door.
  6575 | Bailey   | Noticed an orc knight
  6578 | Bailey   | Noticed a deep elf pyromancer
  6620 | Bailey   | Reached skill level 5 in Short Blades
  6620 | Bailey   | Reached skill level 5 in Long Blades
  6620 | Bailey   | Reached skill level 5 in Axes
  6620 | Bailey   | Reached skill level 5 in Maces & Flails
  6620 | Bailey   | Reached skill level 5 in Polearms
  6620 | Bailey   | Reached skill level 5 in Staves
  6620 | Bailey   | Reached skill level 5 in Slings
  6620 | Bailey   | Reached skill level 5 in Bows
  6620 | Bailey   | Reached skill level 5 in Crossbows
  6620 | Bailey   | Reached skill level 5 in Stealth
  6620 | Bailey   | Reached skill level 5 in Shields
  6620 | Bailey   | Reached skill level 5 in Evocations
  6636 | Bailey   | Learned a level 4 spell: Sticky Flame
  6639 | Bailey   | Killed an orc knight
  6847 | Bailey   | Killed a deep elf pyromancer
  7244 | D:8      | Reached XP level 11. HP: 84/84 MP: 22/22
  7297 | D:8      | Noticed a two-headed ogre
  7307 | D:8      | Killed a two-headed ogre
  7414 | D:8      | Reached skill level 5 in Conjurations
  7414 | D:8      | Reached skill level 5 in Hexes
  7414 | D:8      | Reached skill level 5 in Summonings
  7414 | D:8      | Reached skill level 5 in Necromancy
  7414 | D:8      | Reached skill level 5 in Transmutations
  7414 | D:8      | Reached skill level 5 in Fire Magic
  7414 | D:8      | Reached skill level 5 in Ice Magic
  7414 | D:8      | Reached skill level 5 in Air Magic
  7414 | D:8      | Reached skill level 5 in Earth Magic
  7414 | D:8      | Reached skill level 5 in Poison Magic
  7475 | D:8      | Reached skill level 8 in Spellcasting
  7876 | Temple   | Entered the Ecumenical Temple
  8113 | Temple   | Became a worshipper of Cheibriados the Contemplative
  8318 | D:9      | Noticed a two-headed ogre
  8324 | D:9      | Killed a two-headed ogre
  8832 | D:10     | Entered Level 10 of the Dungeon
  8850 | D:10     | Noticed an orange crystal statue
  9020 | D:10     | Reached * piety under Cheibriados
  9147 | D:10     | Found a transporter.
  9147 | D:10     | Found a transporter.
  9176 | D:10     | Noticed zazu2006's ghost (journeyman GnDe)
  9280 | D:10     | Noticed an obsidian statue
  9546 | D:11     | Noticed a cyclops
  9546 | D:11     | Noticed a deep elf pyromancer
  9546 | D:11     | Noticed a cyclops
  9600 | D:11     | Noticed a cyclops
  9605 | D:11     | Reached ** piety under Cheibriados
  9613 | D:11     | Killed a cyclops
  9614 | D:11     | Reached XP level 12. HP: 94/94 MP: 24/24
  9629 | D:11     | Noticed a two-headed ogre
  9637 | D:11     | Killed a two-headed ogre
  9757 | D:11     | Noticed a boulder beetle
  9757 | D:11     | Noticed an ogre mage
  9757 | D:11     | Noticed a boulder beetle
  9780 | D:11     | Noticed a centaur warrior
 10116 | D:12     | Found a staircase to the Orcish Mines.
 10124 | D:12     | Noticed a boulder beetle
 10130 | D:12     | Killed a boulder beetle
 10270 | D:12     | Noticed Nessos
 10297 | D:12     | Killed Nessos
 10305 | D:12     | Reached skill level 9 in Spellcasting
 10446 | D:12     | Reached *** piety under Cheibriados
 10493 | D:12     | Noticed a boulder beetle
 10501 | D:12     | Noticed a two-headed ogre
 10504 | D:12     | Killed a boulder beetle
 10513 | D:12     | Killed a two-headed ogre
 10516 | D:12     | HP: 3/94 [cyclops/large rock (13)]
 10517 | D:12     | Incinerated by a deep elf pyromancer

Illustrated notes

Levels and vault maps discovered:
D:1:      doesnt_arrival_eight_statues, layout_rooms
D:2:      layout_loops_ring, dk_noncrumbling_3, uniq_terence
D:3:      layout_loops_corners, lemuel_tele_altar, minmay_diced_spiral
D:4:      layout_basic, nemelex_spade_bored_becter,
          mainiacjoe_overflow_small_starburst, makhleb_altar_promises_db,
          grunt_temple_overflow_cloverleaf
D:5:      layout_basic, marbit_many_paths, lightli_sewer_entry_pipes,
          solitary_fountain, hellmonk_bongcloud_opening
D:6:      layout_basic, elyvilon_altar_4, minmay_temple_entry_stoned_glass,
          due_unseen_surprise
D:7:      layout_loops_ring, vehumet_statue, fedhas_altar_2, hex_tiny,
          uniq_menkaure
D:8:      lemuel_castle_with_subvaults [lemuel_castle_interior_original],
          layout_cave_pools, david_lair_generic, enter_bailey_1
D:9:      layout_stronghold
D:10:     minmay_separated_statues, layout_loops_cross, nzn_ghost_randoct,
          minmay_crystal_water
D:11:     layout_rooms, minmay_misc_feat_more_columns, kennysheep_cross_room,
          minivault_12
D:12:     minmay_s_stair_smasher, layout_basic, orc_0_dummy, uniq_nessos
Temple:   dpeg_chambers_temple

Skill      XL: |  1  2  3  4  5  6  7  8  9 10 11 12 |
---------------+-------------------------------------+-----
Spellcasting   | 5 6 7 8 9 |  9.1
Invocations    | 1 2 3 4 5 6 7 8 |  8.3
Short Blades   | 1 2 3 4 5 6 7 |  7.5
Long Blades    | 1 2 3 4 5 6 7 |  7.5
Axes           | 1 2 3 4 5 6 7 |  7.5
Maces & Flails | 1 2 3 4 5 6 7 |  7.5
Polearms       | 1 2 3 4 5 6 7 |  7.5
Staves         | 1 2 3 4 5 6 7 |  7.5
Slings         | 1 2 3 4 5 6 7 |  7.5
Bows           | 1 2 3 4 5 6 7 |  7.5
Crossbows      | 1 2 3 4 5 6 7 |  7.5
Stealth        | 1 2 3 4 5 6 7 |  7.5
Shields        | 1 2 3 4 5 6 7 |  7.5
Evocations     | 1 2 3 4 5 6 7 |  7.5
Conjurations   | 1 2 3 4 5 6 |  6.3
Hexes          | 1 2 3 4 5 6 |  6.3
Summonings     | 1 2 3 4 5 6 |  6.3
Necromancy     | 1 2 3 4 5 6 |  6.3
Transmutations | 1 2 3 4 5 6 |  6.3
Fire Magic     | 1 2 3 4 5 6 |  6.3
Ice Magic      | 1 2 3 4 5 6 |  6.3
Air Magic      | 1 2 3 4 5 6 |  6.3
Earth Magic    | 1 2 3 4 5 6 |  6.3
Poison Magic   | 1 2 3 4 5 6 |  6.3
Throwing       | 3 4 5 6 7 8 |  8.0
Armour         | 3 4 5 6 7 8 |  8.0
Fighting       | 5 6 7 8 |  8.9
Dodging        | 5 6 7 8 |  8.9
Unarmed Combat | 5 6 7 8 |  8.9
Translocations | 6 7 8 |  8.4

Action                   |  1- 3 |  4- 6 |  7- 9 | 10-12 || total
-------------------------+-------+-------+-------+-------++-------
Melee: Unarmed           |    68 |       |       |       ||    68
       Bite              |     6 |     7 |    15 |    57 ||    85
       Punch             |     3 |       |       |       ||     3
       Dagger            |     6 |    78 |    60 |       ||   144
       Demon blade       |       |       |   115 |   475 ||   590
 Fire: Hunting sling     |    31 |   166 |   191 |       ||   388
Throw: Dart              |    10 |       |       |    16 ||    26
 Cast: Blink             |     1 |     3 |     3 |    14 ||    21
       Ozocubu's Armour  |       |       |       |     1 ||     1
Evoke: Wand              |       |       |     6 |    19 ||    25
  Use: Scroll            |     2 |     3 |     6 |    14 ||    25
       Potion            |       |       |       |     3 ||     3
 Stab: Distracted        |       |     1 |     1 |       ||     2
       Sleeping          |       |       |     2 |     4 ||     6
       Paralysed         |       |       |       |     4 ||     4
Armor: Leather armour    |    19 |    66 |    61 |       ||   146
       Steam dragon scal |       |       |    48 |     1 ||    49
       Troll leather arm |       |       |       |   236 ||   236
       Scale mail        |       |       |       |    11 ||    11
Dodge: Dodged            |    64 |    95 |   165 |   425 ||   749
Block: Buckler           |       |    48 |    78 |   268 ||   394

Table legend: (Time is in decaauts)
 A = Elapsed time spent in this place.
 B = Non-inter-level travel time spent in this place.
 C = Inter-level travel time spent in this place.
 D = Time resting spent in this place.
 E = Time spent auto-exploring this place.
 F = Levels seen in this place.
 G = Mean time per level.
                   A        B        C        D        E       F      G
               +--------+--------+--------+--------+--------+-----+--------+
         Total |  11483 |  10935 |    548 |    103 |   7785 |  15 |  765.5 |
       Dungeon |  10397 |   9921 |    476 |      3 |   7301 |  12 |  866.4 |
        Temple |    247 |    176 |     71 |      0 |    168 |   1 |  247.0 |
         Sewer |    445 |    445 |      0 |    100 |    134 |   1 |  445.0 |
        Bailey |    393 |    393 |      0 |      0 |    181 |   1 |  393.0 |
               +--------+--------+--------+--------+--------+-----+--------+

Top non-repeatable levels by time:
     D:5: 1173 daAuts
     D:8: 1066 daAuts
     D:3: 1056 daAuts
     D:7: 975 daAuts
    D:10: 932 daAuts
     D:9: 848 daAuts
     D:2: 802 daAuts
     D:4: 767 daAuts
     D:1: 753 daAuts
    D:11: 691 daAuts
     D:6: 670 daAuts
    D:12: 658 daAuts
   Sewer: 445 daAuts
  Bailey: 393 daAuts
  Temple: 247 daAuts
